 Dungeon Crawl Stone Soup version 0.17.0-28-g6e173f8 (webtiles) character file.

229 dohliylev the Covert (level 5, -2/38 HPs)
             Began as a Vampire Assassin on Dec 2, 2015.
             Slain by a centaur skeleton (6 damage)
             ... on level 4 of the Dungeon on Dec 3, 2015.
             The game lasted 00:16:25 (3679 turns).

dohliylev the Covert (Vampire Assassin)             Turns: 3679, Time: 00:16:25

Health: -2/38      AC:  3    Str: 12    XL:     5   Next: 71%
Magic:  5/5        EV: 13    Int: 14    God:
Gold:   147        SH:  0    Dex: 16    Spells: 0 memorised, 4 levels left

rFire  + . .     SeeInvis +     B - +2 dagger (drain)
rCold  + + .     Clarity  .     c - +0 robe
rNeg   + + +     SustAt   .     (no shield)
rPois  +         Gourm    .     (no helmet)
rElec  .         Spirit   .     d - +0 cloak
rCorr  .         Warding  .     (no gloves)
rMut   .         Stasis   .     (no boots)
MR     .....                    (no amulet)
Stlth  +++++.....               v - +2 ring of strength
                                q - ring of protection from fire

@: regenerating slowly, not resistant to hostile enchantments, quite stealthy
A: fangs 3, see invisible, unbreathing
a: Bat Form


You were on level 4 of the Dungeon.
You were near bloodless.

You visited 2 branches of the dungeon, and saw 5 of its levels.

You collected 147 gold pieces.

Inventory:

Hand Weapons
 a - a +2 dagger
 b - a +0 blowgun
 B - a +2 dagger of draining (weapon)
Missiles
 f - 2 curare-tipped needles
 y - 14 poisoned needles
 H - 2 throwing nets (quivered)
Armour
 c - a +0 robe (worn)
 d - a +0 cloak (worn)
 p - a +0 shield
 D - a cursed +0 robe
Jewellery
 q - a ring of protection from fire (left hand)
 v - a +2 ring of strength (right hand)
Wands
 G - a wand of enslavement (14)
Scrolls
 e - a scroll of amnesia {unknown}
 h - 2 scrolls of recharging {unknown}
 j - a scroll of remove curse {unknown}
 k - 4 scrolls of teleportation {unknown}
 l - 2 scrolls of identify {unknown}
 n - a scroll of fog {unknown}
 o - a scroll of random uselessness {unknown}
 w - a scroll of fear {unknown}
 E - a scroll of enchant weapon {unknown}
 F - a scroll of magic mapping {unknown}
Potions
 g - 7 potions of blood
 i - a potion of cancellation {unknown}
 m - a potion of magic {unknown}
 r - 3 potions of heal wounds {unknown}
 s - 2 potions of lignification {unknown}
 t - 2 potions of haste {unknown}
 u - a potion of curing {unknown}
 x - a potion of poison {unknown}
 z - 2 potions of might {unknown}
 A - 2 potions of flight {unknown}
 C - 2 potions of brilliance {unknown}


   Skills:
 + Level 2.2 Fighting
 + Level 2.6 Short Blades
 + Level 2.1 Throwing
 + Level 3.1 Dodging
 + Level 8.7 Stealth


You had 4 spell levels left.
You didn't know any spells.

Dungeon Overview and Level Annotations

Branches:
Dungeon (4/15)             Temple (1/1) D:4

Altars:
Ashenzari
Cheibriados
Fedhas
Gozag
Kikubaaqudgha
Makhleb
Nemelex Xobeh
Okawaru
Qazlal
Ru
Trog
Yredelemnul


Innate Abilities, Weirdness & Mutations

You heal slowly.
You have razor-sharp teeth.
You have supernaturally acute eyesight.
You can survive without breathing.


Message History

a hand axe; a chain mail
Found 10 gold pieces.
You now have 147 gold pieces (gained 10).
A centaur skeleton comes into view.
Found 22 bolts.
You hit the centaur skeleton. The centaur skeleton hits you.
You hit the centaur skeleton.
The centaur skeleton closely misses you. x2
You hit the centaur skeleton. The centaur skeleton hits you.
You hit the centaur skeleton. You bite the centaur skeleton.
The centaur skeleton closely misses you.
You hit the centaur skeleton but do no damage.
The centaur skeleton hits you.
You hit the centaur skeleton but do no damage.
The centaur skeleton hits you.
You hit the centaur skeleton. The centaur skeleton hits you!
* * * LOW HITPOINT WARNING * * *
You hit the centaur skeleton. You bite the centaur skeleton.
The centaur skeleton hits you.
You die...

....... ...
#.##..#..####..
#.##....... ...
######.##.....# #..
......##....# #..
.....##.(..#####.. #
#.##.##........#..
#..##.##.##...........
#...Z@.........###.##)
##.##.##.###.#.###.##.
#.##.###.#........
(.........⌠......#
##.####............
#.# #..⌠.>.⌠..... #.#
##......).... ..#
#...⌠......#
##....#)....


You could see a centaur skeleton.

Vanquished Creatures
  Ijyb (D:3)
  2 orc priests (D:3)
  4 adders
  3 gnolls (D:4)
  A worm (D:2)
  A giant gecko (D:3)
  5 orcs
  9 bats
  9 goblins
  6 hobgoblins
  13 jackals
  6 kobolds
  2 quokkas (D:3)
  A ball python (D:3)
  3 giant newts
  5 rats
  A plant (D:3)
72 creatures vanquished.

Notes
Turn   | Place    | Note
--------------------------------------------------------------
     0 | D:1      | dohliylev the Vampire Assassin began the quest for the Orb.
     0 | D:1      | Reached XP level 1. HP: 16/16 MP: 1/1
   113 | D:1      | Reached skill level 6 in Stealth
   272 | D:1      | Reached XP level 2. HP: 22/22 MP: 2/2
   774 | D:2      | Reached XP level 3. HP: 24/27 MP: 3/3
   790 | D:2      | Reached skill level 7 in Stealth
  2172 | D:3      | Reached XP level 4. HP: 33/33 MP: 4/4
  2271 | D:3      | Reached skill level 8 in Stealth
  2271 | D:3      | Reached XP level 5. HP: 25/38 MP: 5/5
  2316 | D:3      | Noticed Ijyb
  2348 | D:3      | Killed Ijyb
  2854 | D:3      | Found a sacrificial altar of Ru.
  3370 | D:4      | Found a staircase to the Ecumenical Temple.
  3381 | Temple   | Entered the Ecumenical Temple
  3679 | D:4      | Slain by a centaur skeleton

Action                   |  1- 3 |  4- 6 || total
-------------------------+-------+-------++-------
Melee: Dagger            |   119 |   143 ||   262
 Fire: Blowgun           |     7 |    11 ||    18
 Stab: Sleeping          |    16 |    15 ||    31
       Distracted        |     1 |       ||     1
  Eat: Corpse            |       |     3 ||     3
